AoeStats
← Cheonma

Arabia

506564707Analyzed
1v1 RM · 19d ago on Sep 14, 2026· 48m 48s· 2 players
Game mode
Random Map
Map size
Tiny (2 player)
Population
200
Speed
Normal
Resources
Standard
Victory
Conquest
Starting age
Dark Age
Ending age
Imperial Age
RankedLock teamsTeams togetherTeam positionsShared explorationLock speedFull tech treeHidden civsTurbo modeCheats
Victory
Defeat
🇨🇴 Maya · Colombia
1107
+27
🇦🇷 Japanese · Argentina
1116
-16
CLB_Shaka
0:32 Loom
9:33 Feudal Age
14:10 Double-Bit Axe
17:27 Horse Collar
20:13 Gold Mining
21:32 Padded Archer Armor
21:25 Fletching
26:27 Castle Age
26:08 Scale Mail Armor
26:46 Crossbowman
28:19 Bodkin Arrow
29:46 Leather Archer Armor
31:33 Forging
34:55 Chain Mail Armor
35:29 Eagle Warrior
41:42 Imperial Age
40:46 Wheelbarrow
43:47 Plate Mail Armor
43:34 Elite Skirmisher
47:01 Iron Casting
48:59 Blast Furnace
47:37 Elite Eagle Warrior
Cheonma
11:21 Feudal Age
11:38 Man-at-Arms
13:21 Loom
15:36 Double-Bit Axe
19:55 Castle Age
22:01 Fletching
22:12 Padded Archer Armor
22:05 Horse Collar
24:54 Elite Skirmisher
29:38 Leather Archer Armor
32:24 Wheelbarrow
32:12 Town Watch
32:55 Ballistics
32:32 Bodkin Arrow
32:34 Gambesons
35:34 Thumb Ring
39:25 Imperial Age
40:41 Bracer
42:57 Conscription
44:21 Chemistry
44:07 Heavy Plow
43:59 Stone Mining
43:59 Gold Mining
45:23 Gambesons
44:58 Long Swordsman
46:22 Squires
46:15 Two-Handed Swordsman
48:24 Scale Mail Armor
Connection lost

Rejoining the realm…

Still unreachable

The connection could not be restored.

Session expired

The server has moved on; the page needs a fresh start.